 Dungeon Crawl Stone Soup version 0.26.0-45-g9c1d065592 (webtiles) character file.

Game seed: 14089769613016354000

11643 hawla the Thaumaturge (level 11, -5/84 HPs)
             Began as a Purple Draconian Conjurer on Jan 28, 2021.
             Was an Initiate of Gozag.
             Slain by a manticore (23 damage)
             ... on level 11 of the Dungeon.
             The game lasted 00:39:03 (14446 turns).

hawla the Thaumaturge (Purple Draconian Conjurer)  Turns: 14446, Time: 00:39:04

Health: -5/84      AC: 10    Str: 15    XL:     11   Next: 52%
Magic:  15/38      EV: 12    Int: 22    God:    Gozag
Gold:   1732       SH:  0    Dex: 10    Spells: 31/38 levels left

rFire    . . .     SeeInvis .   a - staff of air
rCold    . . .     Faith    .   (no shield)
rNeg     . . .     Spirit   .   (armour unavailable)
rPois    .         Reflect  .   (helmet restricted)
rElec    +         Harm     .   y - +2 cloak
rCorr    .         Rampage  .   (no gloves)
Will     +....                  (no boots)
Stlth    ++........             (no amulet)
HPRegen  0.24/turn              E - +6 ring of strength
MPRegen  0.26/turn              r - ring of magical power

@: barbed spikes
A: breathe power, unfitting armour, cold-blooded, AC +7
a: Breathe Dispelling Energy, Renounce Religion, Potion Petition, Call Merchant,
Bribe Branch


You were on level 11 of the Dungeon.
You worshipped Gozag.
Gozag was most pleased with you.
You visited 2 branches of the dungeon, and saw 12 of its levels.

You collected 1846 gold pieces.
You paid 114 gold pieces to Gozag.

Inventory:

Hand Weapons
 h - a +3 dagger of venom
 v - a +0 quarterstaff
Missiles
 b - 17 poisoned darts (quivered)
 C - 8 boomerangs
Armour
 y - a +2 cloak (worn)
Magical Staves
 a - an uncursed staff of air (weapon)
Jewellery
 e - an uncursed ring of willpower
 i - an uncursed ring of see invisible
 m - an uncursed amulet of reflection
 q - a +4 ring of protection
 r - a ring of magical power (right hand)
 s - an uncursed ring of stealth
 E - a +6 ring of strength (left hand)
 F - the ring "Ziruam" {rC+ AC-4}
   (You found it on level 9 of the Dungeon)

   [ring of protection]

   It affects your AC (-4).
   It protects you from cold.
Wands
 d - a wand of paralysis (9)
 j - a wand of polymorph (15)
 x - a wand of acid (6)
Scrolls
 g - 8 scrolls of remove curse
 k - 3 scrolls of fog
 n - 3 scrolls of teleportation
 u - 2 scrolls of amnesia
 w - 3 scrolls of magic mapping
 B - 2 scrolls of blinking {unknown}
 D - 5 scrolls of identify
Potions
 c - a potion of curing
 f - a potion of lignification {unknown}
 o - a potion of cancellation
 t - 4 potions of might
 z - a potion of haste {unknown}
 A - a potion of brilliance {unknown}
 G - a potion of flight {unknown}


   Skills:
 - Level 4.0 Fighting
 + Level 8.3 Staves
 - Level 1.0 Throwing
 - Level 1.7 Dodging
 - Level 1.7 Stealth
 + Level 14.3 Spellcasting
 - Level 8.0 Conjurations
 - Level 3.0 Translocations
 - Level 4.0 Evocations


You had 31 spell levels left.
You knew the following spells:

 Your Spells              Type           Power        Failure   Level
a - Magic Dart            Conj           100%         1%          1
b - Searing Ray           Conj           100%         1%          2
c - Iskenderun's Mystic   Conj/Tloc      39%          4%          4

Your spell library contained the following spells:

 Spells                   Type           Power        Failure   Level
 Dazzling Flash           Conj/Hex       66%          2%          3
 Corona                   Hex            16%          3%          1
 Ensorcelled Hibernation  Hex/Ice        30%          6%          2
 Fulminant Prism          Conj/Hex       16%          8%          4
 Confusing Touch          Hex            15%          12%         3
 Tukima's Dance           Hex            15%          12%         3


Dungeon Overview and Level Annotations

Branches:
Dungeon (11/15)            Temple (1/1) D:6            Lair (0/6) D:10
    Orc (0/2) D:10

Altars:
Ashenzari
Cheibriados
Dithmenos
Elyvilon
Fedhas
Gozag
Hepliaklqana
Kikubaaqudgha
Makhleb
Nemelex Xobeh
Sif Muna
Trog
Uskayaw
Vehumet
Wu Jian
Xom
Yredelemnul
Zin
The Shining One

Shops:
D:8 =


Innate Abilities, Weirdness & Mutations

You can breathe bolts of dispelling energy.
Your rich purple scales are hard. (AC +7)
You cannot fit into any form of body armour.
You are cold-blooded and may be slowed by cold attacks.


Message History

You erupt in a blast of force!
The mystic blast hits the hound zombie!
The hound zombie is moderately damaged.
The hound zombie is knocked back by the mystic blast.
The mystic blast hits the manticore!
The manticore is moderately wounded.
The manticore is knocked back by the mystic blast.
Casting: Iskenderun's Mystic Blast (dangerous; 4% risk of failure)
Confirm with . or Enter, or press ? or * to list all spells.
Aiming: Searing Ray (safe; 1% risk of failure)
Press: ? - help, Shift-Dir - straight line, f - manticore
Aim: a manticore (moderately wounded, 10% to evade)
The searing ray hits the manticore!
The manticore is moderately wounded. (Press . to maintain the ray.)
The hound zombie becomes distracted by the nearby gold, dreaming of imaginary riches.
The searing ray hits the manticore!!
The manticore is severely wounded.
The manticore bites you!!
You die...
Your body crumbles into a pile of gold.

..# #..
..###.#
.###.#...#
.........#
....Z....#
.....$<.$#
.......H.#
......$@(#
......$.>#
##########


You could see a manticore and a hound zombie (unaware).

Vanquished Creatures
  Erolcha (D:9)
  2 two-headed ogres
  Erica (D:9)
  3 death yaks
  A hornet (D:8)
  Sigmund (D:3)
  A vampire (D:10)
  The ghost of kaeus the Firebug, an amateur GrFE (D:4)
  A wraith (D:10)
  14 yaks
  An ice beast (D:6)
  7 orc warriors
  2 phantoms
  2 black bears
  An ogre (D:5)
  4 centaurs
  A big kobold (D:11)
  4 bullfrogs
  4 scorpions
  7 killer bees
  5 wights (D:10)
  8 howler monkeys
  A bullfrog zombie (D:7)
  5 hounds
  2 jellies
  A quasit (D:8)
  4 orc priests
  10 orc wizards
  2 centaur skeletons
  2 iguanas
  4 worker ants
  2 hell rats (D:10)
  A hound zombie (D:7)
  A hound skeleton (D:7)
  Robin (D:4)
  11 gnolls
  8 adders
  4 river rats
  A shadow imp (D:7)
  A white imp (D:9)
  4 ufetubi
  2 oozes
  An adder skeleton (D:4)
  An adder zombie (D:7)
  6 worms
  2 dart slugs
  6 leopard geckos
  61 orcs
  5 bats
  8 giant cockroaches
  18 goblins
  12 hobgoblins
  9 jackals
  5 quokkas
  A ball python (D:3)
  9 frilled lizards
  10 kobolds
  A leopard gecko skeleton (D:5)
  16 rats
  A rat zombie (D:7)
311 creatures vanquished.

Notes
Turn   | Place    | Note
-------+----------+-------------------------------------------
     0 | D:1      | hawla the Draconian Conjurer began the quest for the Orb.
     0 | D:1      | Reached XP level 1. HP: 14/14 MP: 3/3
   168 | D:1      | Reached skill level 1 in Fighting
   225 | D:1      | Reached XP level 2. HP: 23/23 MP: 1/5
   656 | D:1      | Learned a level 2 spell: Searing Ray
  1125 | D:2      | Reached XP level 3. HP: 29/29 MP: 2/7
  1196 | D:2      | Found a basalt altar of Yredelemnul.
  1557 | D:2      | Reached skill level 3 in Spellcasting
  1842 | D:2      | Found an ornate altar of the Wu Jian Council.
  1870 | D:2      | Found a glowing golden altar of the Shining One.
  1909 | D:2      | Reached XP level 4. HP: 37/37 MP: 2/8
  1914 | D:2      | Learned a level 4 spell: Iskenderun's Mystic Blast
  2502 | D:3      | Noticed Sigmund
  2517 | D:3      | Killed Sigmund
  2518 | D:3      | Reached skill level 1 in Translocations
  2518 | D:3      | Reached XP level 5. HP: 33/45 MP: 0/10
  3076 | D:3      | Reached XP level 6. HP: 52/52 MP: 6/11
  3574 | D:4      | Found a runed translucent door.
  3580 | D:4      | Noticed kaeus's ghost (amateur GrFE)
  3834 | D:4      | Reached skill level 4 in Spellcasting
  3924 | D:4      | Noticed Robin
  3933 | D:4      | Killed Robin
  4233 | D:4      | Reached skill level 5 in Conjurations
  4431 | D:4      | Found a runed translucent door.
  4704 | D:4      | Your scales start taking on a rich purple colour.
  4704 | D:4      | Reached skill level 5 in Spellcasting
  4704 | D:4      | Reached XP level 7. HP: 58/59 MP: 12/14
  4808 | D:4      | Reached skill level 1 in Throwing
  5193 | D:4      | Killed kaeus's ghost
  5194 | D:4      | Reached skill level 6 in Spellcasting
  5328 | D:5      | Entered Level 5 of the Dungeon
  5527 | D:5      | Found a snail-covered altar of Cheibriados.
  5624 | D:5      | Found a white marble altar of Elyvilon.
  5881 | D:5      | Reached skill level 1 in Staves
  5881 | D:5      | Reached XP level 8. HP: 51/66 MP: 9/17
  6399 | D:6      | Found a staircase to the Ecumenical Temple.
  6408 | Temple   | Entered the Ecumenical Temple
  6451 | Temple   | Became a worshipper of Gozag Ym Sagoz the Greedy
  6660 | D:6      | Reached skill level 7 in Spellcasting
  8002 | D:7      | Reached skill level 8 in Spellcasting
  8002 | D:7      | Reached XP level 9. HP: 61/71 MP: 4/21
  8480 | D:7      | Found an ancient bone altar of Kikubaaqudgha.
  8643 | D:8      | Found a radiant altar of Vehumet.
  8644 | D:8      | Found Ixtaonaf's Jewellery Shop.
  8705 | D:8      | Reached skill level 9 in Spellcasting
  8857 | D:8      | Noticed a two-headed ogre
  8926 | D:8      | Found a burning altar of Makhleb.
  9281 | D:8      | Reached skill level 10 in Spellcasting
  9483 | D:8      | Killed a two-headed ogre
  9484 | D:8      | Reached skill level 11 in Spellcasting
  9945 | D:8      | Reached XP level 10. HP: 78/78 MP: 25/25
 10464 | D:9      | Noticed Erica
 10478 | D:9      | Killed Erica
 10479 | D:9      | Reached skill level 12 in Spellcasting
 10642 | D:8      | Reached skill level 5 in Staves
 10851 | D:9      | Found a bloodstained altar of Trog.
 11287 | D:9      | Found a hide-covered altar of Uskayaw.
 11290 | D:9      | Noticed a +0 dagger
 11291 | D:9      | Noticed a +0 dagger
 11335 | D:9      | Got a twitching wooden ring
 11357 | D:9      | Identified the cursed ring "Ziruam" {rC+ AC-4} (You found
                  | it on level 9 of the Dungeon)
 11460 | D:9      | Noticed Erolcha
 11472 | D:9      | Killed Erolcha
 11473 | D:9      | Reached skill level 13 in Spellcasting
 11762 | D:10     | Entered Level 10 of the Dungeon
 11783 | D:10     | Reached XP level 11. HP: 58/84 MP: 14/28
 12115 | D:10     | Noticed a death yak
 12116 | D:10     | Noticed a death yak
 12118 | D:10     | Noticed a death yak
 12980 | D:10     | Killed a death yak
 13420 | D:10     | Found a staircase to the Lair.
 13671 | D:9      | Killed a death yak
 13880 | D:9      | Killed a death yak
 13881 | D:9      | Reached skill level 14 in Spellcasting
 14083 | D:10     | Found a staircase to the Orcish Mines.
 14147 | D:11     | Noticed a two-headed ogre
 14440 | D:11     | Killed a two-headed ogre
 14446 | D:11     | Slain by a manticore

Illustrated notes

Levels and vault maps discovered:
D:1:      minmay_arrival_four_houses, layout_basic
D:2:      layout_basic, lemuel_crystal_altar, nzn_wu_jian_contemplation,
          tso_metal_star
D:3:      layout_rooms, uniq_sigmund
D:4:      layout_loops_ring, ebering_ghost_sewer_f, uniq_robin
D:5:      layout_rooms, lemuel_crystal_altar, nicolae_overflow_hidden_temple,
          kennysheep_slug_shrine
D:6:      layout_basic, minmay_temple_entry_waves
D:7:      layout_rooms, lemuel_zombie_altar_kikubaaqudgha, minivault_22
D:8:      layout_basic, basic_altar, serial_shops, shop,
          makhleb_heckhound_becter
D:9:      layout_loops_cross, dancing_weapons_uskayaw, basic_altar, uniq_erica,
          uniq_erolcha
D:10:     layout_loops_ring, dpeg_lair_monsters, orc_0_dummy
D:11:     layout_rooms, basic_altar, minmay_librarian
Temple:   minmay_temple_bridge_abc

Skill      XL: |  1  2  3  4  5  6  7  8  9 10 11 |
---------------+----------------------------------+-----
Fighting       | 1 2 3 4 |  4.0
Spellcasting   | 3 5 6 8 11 13 14 | 14.3
Translocations | 1 2 3 |  3.0
Conjurations   | 5 6 7 8 |  8.0
Throwing       | 1 |  1.0
Staves         | 1 4 6 8 |  8.3
Evocations     | 4 |  4.0
Dodging        | |  1.7
Stealth        | |  1.7

Action                   |  1- 3 |  4- 6 |  7- 9 | 10-12 || total
-------------------------+-------+-------+-------+-------++-------
Melee: Unarmed           |     6 |    49 |       |       ||    55
       Tailslap          |     1 |     7 |    14 |     2 ||    24
       Dagger            |       |    14 |   133 |    48 ||   195
Throw: Dart              |       |       |       |     3 ||     3
 Cast: Magic Dart        |    55 |    54 |    68 |    33 ||   210
       Searing Ray       |    14 |    43 |    56 |    52 ||   165
       Iskenderun's Myst |       |     1 |    21 |    55 ||    77
  Use: Scroll            |     5 |     3 |    13 |     5 ||    26
       Potion            |       |       |     1 |     5 ||     6
Armor: Skin              |    11 |    46 |    94 |    31 ||   182
Dodge: Dodged            |     9 |    84 |   140 |    78 ||   311
